 Dungeon Crawl Stone Soup version 0.18.1-50-g88ac8fd (webtiles) character file.

237 Franakus the Conjurer (level 5, 0/28 HPs)
             Began as a Deep Elf Conjurer on Oct 29, 2016.
             Was an Initiate of Vehumet.
             Succumbed to a worker ant's poison
             ... on level 3 of the Dungeon.
             The game lasted 00:20:31 (2267 turns).

Franakus the Conjurer (Deep Elf Conjurer)           Turns: 2267, Time: 00:20:31

Health: 0/28       AC:  6    Str: 10    XL:     5   Next: 77%
Magic:  3/13       EV: 13    Int: 21    God:    Vehumet [......]
Gold:   243        SH:  0    Dex: 15    Spells: 4 memorised, 3 levels left

rFire  + . .     SeeInvis .     n - +2 spear (freeze)
rCold  x . .     Gourm    .     a - +0 robe
rNeg   . . .     Faith    .     (no shield)
rPois  .         Spirit   .     A - +1 helmet
rElec  .         Dismiss  .     (no cloak)
rCorr  .         Reflect  .     (no gloves)
SustAt .         Harm     .     (no boots)
MR     .....                    (no amulet)
Stlth  ++........               r - ring of fire
                                o - +2 ring of protection

@: mighty, lethally poisoned (0 -> -10), not resistant to hostile enchantments,
unstealthy
A: no striking features
a: Renounce Religion


You were on level 3 of the Dungeon.
You worshipped Vehumet.
Vehumet was noncommittal.
You were not hungry.

You visited 2 branches of the dungeon, and saw 5 of its levels.

You collected 243 gold pieces.

Inventory:

Hand Weapons
 k - a +1 hand axe of freezing
 n - a +2 spear of freezing (weapon)
Armour
 a - a +0 robe (worn)
 A - a +1 helmet (worn)
Jewellery
 o - a +2 ring of protection (left hand)
 r - a ring of fire (right hand)
 y - an uncursed ring of teleportation
Wands
 u - a wand of lightning (8/15)
 z - a wand of lightning (8/15)
Scrolls
 d - a scroll of fear {unknown}
 f - 3 scrolls of noise
 g - a scroll of fog
 h - a scroll of recharging {unknown}
 i - 3 scrolls of enchant armour
 p - 5 scrolls of identify {unknown}
 q - a scroll of remove curse
 s - 3 scrolls of magic mapping {unknown}
 w - a scroll of enchant weapon {unknown}
Potions
 e - a potion of ambrosia {unknown}
 l - a potion of curing {unknown}
 m - a potion of might
 t - 2 potions of mutation {unknown}
Books
 b - a book of Conjurations

   Spells                             Type                      Level
   a - Magic Dart                     Conjuration                  1
   b - Searing Ray                    Conjuration                  2
   c - Dazzling Spray                 Conjuration/Hexes            3
   d - Fulminant Prism                Conjuration/Hexes            4
   e - Iskenderun's Mystic Blast      Conjuration                  4
   f - Iskenderun's Battlesphere      Conjuration/Charms           5
Comestibles
 c - 3 bread rations
 j - 3 meat rations
 v - a slice of pizza
 x - 4 fruits
 B - 3 chunks of flesh


   Skills:
 + Level 3.0 Dodging
 + Level 3.0 Stealth
 + Level 4.5 Spellcasting
 + Level 6.8 Conjurations


You had 3 spell levels left.
You knew the following spells:

 Your Spells              Type           Power        Failure   Level  Hunger
a - Magic Dart            Conj           ####         1%          1    None
b - Searing Ray           Conj           ####..       1%          2    #......
c - Dazzling Spray        Conj/Hex       ###...       10%         3    ##.....
d - Iskenderun's Mystic   Conj           ####....     10%         4    ####...


Dungeon Overview and Level Annotations

Branches:
Dungeon (4/15)             Temple (1/1) D:4

Altars:
Cheibriados
Elyvilon
Fedhas
Gozag
Kikubaaqudgha
Makhleb
Okawaru
Pakellas
Qazlal
Ru
Sif Muna
Trog
Vehumet
Xom
Yredelemnul
Zin

Annotations:
D:4 Gorglomux's ghost, amateur OpVM


Message History

As you read the scroll of fog, it crumbles to dust.
The scroll dissolves into smoke.
The worker ant closely misses you.
The worker ant waves its antennae.
The worker ant misses you. The worker ant closely misses you.
There is a stone staircase leading up here.
The worker ant barely misses you.
You climb upwards.
A giant newt comes into view.
There is a stone staircase leading down here.
The worker ant bites you.
* * * LOW HITPOINT WARNING * * *
You are lethally poisoned!
The worker ant poisons you!
* * * LOW HITPOINT WARNING * * *
You feel sick.
Drink which item? (? for menu, Esc to quit)
It was a potion of might.
You feel very mighty all of a sudden.
You die...

..###...######## ..#
##.........# ###
##........#
#.#......# #####
#.#......# ≈≈§≈#
#.#.....>#####
###§###.#..........#
≈≈##.#.....PP..Pa..#
.§⌠#......≈≈..l.@P.#
.≈##.....≈≈≈P.P...##
.≈⌠#.....≈≈≈≈P....#
≈≈##...[≈≈≈≈≈≈.≈≈.#
#####..≈≈≈≈≈≈≈≈≈♣.#
# #.P≈≈≈≈≈≈≈≈...#
#...≈≈≈≈≈≈≈..P#
#..P≈≈≈≈≈≈....#
#.§§.≈≈≈≈.....#


You could see a worker ant and a giant newt.

Vanquished Creatures
  2 orc wizards
  An iguana (D:4)
  3 worker ants (D:4)
  2 adders
  2 dart slugs
  2 giant geckos (D:3)
  8 orcs
  4 bats
  3 giant cockroaches
  3 goblins
  3 hobgoblins
  2 jackals (D:4)
  9 kobolds
  3 quokkas
  A giant newt (D:1)
  6 rats
54 creatures vanquished.

Notes
Turn   | Place    | Note
--------------------------------------------------------------
     0 | D:1      | Franakus the Deep Elf Conjurer began the quest for the Orb.
     0 | D:1      | Reached XP level 1. HP: 10/10 MP: 6/6
   448 | D:2      | Reached XP level 2. HP: 15/15 MP: 6/8
   452 | D:2      | Learned a level 2 spell: Searing Ray
   691 | D:2      | Found a burning altar of Makhleb.
   803 | D:2      | Found a deep blue altar of Sif Muna.
   803 | D:2      | Found a blossoming altar of Fedhas.
   950 | D:2      | Reached skill level 5 in Conjurations
  1195 | D:3      | Reached XP level 3. HP: 19/19 MP: 4/9
  1205 | D:3      | Found a bloodstained altar of Trog.
  1237 | D:3      | Learned a level 3 spell: Dazzling Spray
  1285 | D:3      | Found a snail-covered altar of Cheibriados.
  1590 | D:4      | Reached XP level 4. HP: 22/24 MP: 3/11
  1597 | D:4      | Noticed Gorglomux's ghost (amateur OpVM)
  1831 | D:3      | Reached skill level 6 in Conjurations
  1846 | D:3      | Learned a level 4 spell: Iskenderun's Mystic Blast
  1927 | D:4      | Found a staircase to the Ecumenical Temple.
  1933 | Temple   | Entered the Ecumenical Temple
  1971 | Temple   | Became a worshipper of Vehumet
  2099 | D:4      | Reached XP level 5. HP: 28/28 MP: 6/13
  2266 | D:3      | HP: 1/28 [poisoned by a worker ant]
  2267 | D:3      | Succumbed to a worker ant's poison

Skill      XL: |  1  2  3  4  5 |
---------------+----------------+-----
Conjurations   | 5 6 |  6.8
Spellcasting   | 4 |  4.5
Dodging        | 3 |  3.0
Stealth        | 3 |  3.0

Action                   |  1- 3 |  4- 6 || total
-------------------------+-------+-------++-------
Melee: Spear             |     6 |     6 ||    12
Throw: Stone             |     2 |       ||     2
 Cast: Magic Dart        |    46 |    17 ||    63
       Searing Ray       |     6 |     7 ||    13
       Iskenderun's Myst |       |     1 ||     1
  Use: Scroll            |     4 |     1 ||     5
       Potion            |       |     1 ||     1
 Stab: Sleeping          |     1 |       ||     1
  Eat: Chunk             |     2 |     2 ||     4
Armor: Robe              |     3 |     6 ||     9
Dodge: Dodged            |     7 |    15 ||    22
